 Dungeon Crawl Stone Soup version 0.22-a0-448-g1fb7470 (webtiles) character file.

66 mhoghedin the Skirmisher (level 4, -4/40 HPs)
             Began as a Ghoul Monk on June 4, 2018.
             Killed from afar by Sigmund (7 damage)
             ... with a magic dart
             ... on level 2 of the Dungeon.
             The game lasted 00:04:19 (1392 turns).

mhoghedin the Skirmisher (Ghoul Monk)               Turns: 1392, Time: 00:04:20

Health: -4/40      AC:  3    Str: 15    XL:     4   Next: 15%
Magic:  3/3        EV: 19    Int:  5    God:
Gold:   47         SH:  0    Dex: 16    Spells: 3/3 levels left

rFire    . . .     SeeInvis .     - Unarmed
rCold    + . .     Gourm    .   (no shield)
rNeg     + + +     Faith    .   n - +1 robe {MR+}
rPois    ∞         Spirit   .   (no helmet)
rElec    .         Reflect  .   (no cloak)
rCorr    .         Harm     .   (no gloves)
MR       ++...                  (no boots)
Stlth    +++.......             (no amulet)
HPRegen  0.00/turn              d - ring of protection from magic {MR+, !d}
MPRegen  0.08/turn              (no ring)

@: agile, rotting
A: rotting body, claws 1, carnivore, cold resistance 1, negative energy
resistance 3, inhibited regeneration, torment resistance, unbreathing
a: no special abilities


You were on level 2 of the Dungeon.
You were not hungry.

You visited 1 branch of the dungeon, and saw 2 of its levels.

You collected 47 gold pieces.

Inventory:

Armour
 n - a +1 robe of magic resistance (worn)
   (You found it on level 2 of the Dungeon)
Jewellery
 d - a ring of protection from magic (left claw) {MR+, !d}
   (You found it on level 1 of the Dungeon)
Scrolls
 c - a scroll of remove curse {unknown}
 f - a scroll of enchant armour {unknown}
 g - a scroll of magic mapping {unknown}
 h - a scroll of enchant weapon {unknown}
 l - a scroll of identify {unknown}
 p - a scroll of blinking {unknown}
Comestibles
 b - 4 rations


   Skills:
 + Level 4.1 Fighting
 + Level 3.3 Dodging
 - Level 2.1 Stealth
 + Level 4.0 Unarmed Combat


You had 3 spell levels left.
You didn't know any spells.
Your spell library was empty.

Dungeon Overview and Level Annotations

Branches:
Dungeon (2/15)

Altars:
Fedhas
Kikubaaqudgha
Okawaru
Xom
The Shining One

Annotations:
D:2 Sigmund


Innate Abilities, Weirdness & Mutations

Your body is rotting away.
You thrive on raw meat.
You are immune to poison.
You have sharp fingernails.
You are carnivorous and can eat meat at any time.
Your flesh is cold resistant. (rC+)
You are immune to negative energy. (rN+++)
You do not regenerate when monsters are visible.
You are immune to unholy pain and torment.
You can survive without breathing.


Message History

You see here a leopard gecko corpse.
You butcher the leopard gecko corpse.
k - 3 chunks of flesh {@w0} (gained 1)
You see here a leopard gecko skeleton.
You drop a +0 robe.
Unknown command.
Some of the chunks of flesh in your inventory have rotted away.
You open the door.
Found a basalt altar of Yredelemnul.
Health restored: 40
There is an open door here.
Sigmund the Dreaded comes into view.
He is wielding a scythe.
Found a whip.
Found an iron altar of Okawaru and a blossoming altar of Fedhas.
Unknown command.
Okay, then.
Unknown command.
It was a potion of curing.
You feel better.
Really walk into a travel-excluded area?
Found three altars.
Sigmund shouts!
The altar is a mimic!
The altar mimic chortles and vanishes in a puff of smoke!
Sigmund misses you.
Unknown command.
Unknown command.
Unknown command.
It was a potion of magic.
Magic courses through your body.
Sigmund hits you from afar with a scythe.
You take 1 damage, and have 39/40 hp.
It was a potion of lignification.
You feel woody for a moment.
It was a potion of brilliance.
You feel clever all of a sudden. Sigmund closely misses you.
It was a potion of agility.
You feel agile all of a sudden. Sigmund closely misses you.
You barely miss Sigmund.
Sigmund gestures wildly while chanting.
Sigmund flickers and vanishes!
Deactivating autopickup; reactivate with Ctrl-A.
No target in view!
No target in view!
You scratch something. Something hits you.
You take 1 damage, and have 38/40 hp.
You scratch something but do no damage. You miss something.
Something barely misses you.
You barely miss something. Something barely misses you.
You closely miss something. You closely miss something.
Something hits you but does no damage.
You scratch something. You scratch something. Something barely misses you.
You miss something. Something hits you!
You take 7 damage, and have 31/40 hp.
You scratch something. You closely miss something. Something barely misses you.
You scratch something but do no damage. Something hits you!
You take 13 damage, and have 18/40 hp.
MASSIVE DAMAGE!!
You closely miss something. You miss something. Something hits you!
* * * LOW HITPOINT WARNING * * *
You take 9 damage, and have 9/40 hp.
MASSIVE DAMAGE!!
You scratch something. You scratch something.
You hear some strange, mumbled words.
A magic dart appears from out of thin air!
The magic dart hits you!
* * * LOW HITPOINT WARNING * * *
You take 6 damage, and have 3/40 hp.
The altar is a mimic!
The altar mimic giggles and vanishes in a puff of smoke!
Something barely misses you.
A puff of flame appears from out of thin air!
The puff of flame misses you.
There is an open door here.
You close the door.
Something unseen opens the door.
You feel a little less clever now.
Sigmund appears from thin air!
Reactivating autopickup.
Eat a chunk of flesh {@w0}? (ye/n/q)
You eat the chunk of flesh {@w0}.
This raw flesh tastes great!
Sigmund gestures wildly while chanting.
Sigmund flickers and vanishes!
Deactivating autopickup; reactivate with Ctrl-A.
You regained 7 hp, and now have 11/40 hp.
Something hits you but does no damage.
You barely miss something. Something barely misses you.
You miss something. Something hits you!
* * * LOW HITPOINT WARNING * * *
You take 8 damage, and have 3/40 hp.
You claw something!
Unknown command.
You miss something.
You hear some strange, mumbled words.
A magic dart appears from out of thin air!
The magic dart hits you!
You die...

#.#8.8#.# #.#
####.#.{.#.# #.#
#....#...#.####.#
#.####...####...#
#.#8..§....8#...##
#.#......._$#...##
#.#8.......8#.<[#.
#{#.....§..)#.....
#@#.........#..+..
#.#8_.._.._8#.#.).
#.#.8.8.8.8.#.#.#.
#.#############.##
#.............#.##
############....#
#.#### #.# #.#


There were no monsters in sight!

Vanquished Creatures
  2 adders (D:2)
  A worm (D:2)
  A dart slug (D:1)
  A leopard gecko (D:2)
  A giant cockroach (D:2)
  8 goblins
  4 hobgoblins (D:1)
  7 jackals (D:1)
  A quokka (D:2)
  2 bats
  2 frilled lizards
  4 kobolds (D:1)
  6 rats
40 creatures vanquished.

Notes
Turn   | Place    | Note
-------+----------+-------------------------------------------
     0 | D:1      | mhoghedin the Ghoul Monk began the quest for the Orb.
     0 | D:1      | Reached XP level 1. HP: 19/19 MP: 0/0
    75 | D:1      | Reached XP level 2. HP: 20/25 MP: 1/1
    95 | D:1      | Reached skill level 3 in Dodging
   392 | D:1      | Reached XP level 3. HP: 31/31 MP: 2/2
   912 | D:2      | Found a glowing golden altar of the Shining One.
  1070 | D:2      | Reached skill level 4 in Fighting
  1072 | D:2      | Reached skill level 4 in Unarmed Combat
  1072 | D:2      | Reached XP level 4. HP: 37/40 MP: 3/3
  1334 | D:2      | Found a basalt altar of Yredelemnul.
  1336 | D:2      | Found an iron altar of Okawaru.
  1336 | D:2      | Found a blossoming altar of Fedhas.
  1336 | D:2      | Noticed Sigmund
  1339 | D:2      | Found a shimmering altar of Xom.
  1339 | D:2      | Found a blossoming altar of Fedhas.
  1339 | D:2      | Found an ancient bone altar of Kikubaaqudgha.
  1361 | D:2      | HP: 9/40 [something (9)]
  1363 | D:2      | HP: 3/40 [something/magic dart (6)]
  1390 | D:2      | HP: 3/40 [something (8)]
  1392 | D:2      | Killed from afar by Sigmund

Vault maps used:
D:1:      moated_graveyard_arrival
D:2:      tso_metal_star, first_ration, doesnt_xom_only_xom, uniq_sigmund

Skill      XL: |  1  2  3 |
---------------+----------+-----
Dodging        | 3 |  3.3
Fighting       | 4 |  4.1
Unarmed Combat | 4 |  4.0
Stealth        | |  2.1

Action                   |  1- 3 |  4- 6 || total
-------------------------+-------+-------++-------
Melee: Unarmed           |    93 |    39 ||   132
       Punch             |     1 |       ||     1
  Use: Potion            |       |     5 ||     5
 Stab: Sleeping          |     1 |       ||     1
  Eat: Chunk             |     3 |     1 ||     4
Armor: Robe              |     6 |     9 ||    15
Dodge: Dodged            |    61 |    22 ||    83

Table legend:
 A = Spawn XP
 B = Non-spawn XP
 C = Spawn XP percentage of total XP
 D = Spawn monster count
 E = Non-spawn monster count
 F = Spawn count percentage of total count
 G = Total turns spent on level
                    A         B        C        D         E        F      G
               +---------+---------+-------+---------+---------+-------+---------
         Total |       0 |      95 |   0.0 |       0 |      40 |   0.0 |  1392
               +---------+---------+-------+---------+---------+-------+---------
           D:1 |       0 |      46 |   0.0 |       0 |      27 |   0.0 |   730
           D:2 |       0 |      49 |   0.0 |       0 |      13 |   0.0 |   662
               +---------+---------+-------+---------+---------+-------+---------

Vault maps used:
D:1:      moated_graveyard_arrival
D:2:      tso_metal_star, first_ration, doesnt_xom_only_xom, uniq_sigmund

Table legend:
 A = Turns spent in this place as a percentage of turns spent in the entire game.
 B = Non-inter-level travel turns spent in this place as a percentage of non-inter-level travel turns spent in the entire game.
 C = Inter-level travel turns spent in this place as a percentage of turns spent in this place.
 D = Turns resting spent in this place as a percentage of non-inter-level travel turns spent in this place.
 E = Turns spent auto-exploring this place as a percentage of non-inter-level travel turns spent in this place.
 F = Non-inter-level travel turns spent in this place divided by the number of levels of this place that you've seen.
                   A       B       C       D       E      F
               +-------+-------+-------+-------+-------+----------------------
         Total | 100.0 | 100.0 |   2.7 |   8.6 |  66.9 | 677.0
       Dungeon | 100.0 | 100.0 |   2.7 |   8.6 |  66.9 | 677.0
               +-------+-------+-------+-------+-------+----------------------

Table legend:
 A = Kills in this place as a percentage of kills in entire the game.
 B = Kills by you in this place as a percentage of kills by you in the entire game.
 C = Kills by friends in this place as a percentage of kills by friends in the entire game.
 D = Other kills in this place as a percentage of other kills in the entire game.
 E = Experience gained in this place as a percentage of experience gained in the entire game.
 F = Experience gained in this place divided by the number of levels of this place that you have seen.
                   A       B       C       D       E      F
               +-------+-------+-------+-------+-------+----------------------
         Total | 100.0 | 100.0 |   N/A |   N/A | 100.0 |  47.5
       Dungeon | 100.0 | 100.0 |   N/A |   N/A | 100.0 |  47.5
               +-------+-------+-------+-------+-------+----------------------
